 Dungeon Crawl Stone Soup version 0.28.0-53-g5a82cb258f (webtiles) character file.

Game seed: 10509729712080286678

3005 croobank the Covert (level 9, -2/74 HPs)
             Began as a Gnoll Delver on June 12, 2022.
             Slain by Duvessa
             ... wielding a +1 short sword of venom
              (9 damage)
             ... on level 6 of the Dungeon.
             The game lasted 00:26:52 (6740 turns).

croobank the Covert (Gnoll Delver)                  Turns: 6740, Time: 00:26:56

Health: -2/74      AC:  7    Str: 15    XL:     9   Next: 84%
Magic:  15/15      EV: 13    Int: 17    God:
Gold:   96         SH:  0    Dex: 13    Spells: 17/17 levels left

rFire   . . .      SeeInvis .   a - +8 flail "Bawni" {vamp, Str+4}
rCold   . . .      Faith    .   (no shield)
rNeg    . . .      Spirit   .   d - +0 ring mail
rPois   +          Reflect  .   u - +0 helmet
rElec   +          Harm     .   (no cloak)
rCorr   +          Rampage  .   (no gloves)
Will    .....                   (no boots)
Stlth   ++++......              (no amulet)
HPRegen 0.22/turn               x - ring of Edodaod {rElec rPois rCorr Int+2 Dex-2}
MPRegen 0.14/turn               (no ring)

@: lethally poisoned (-2 -> -16)
A: fangs 1, strong nose, distributed training, agile 1
a: no special abilities


You were on level 6 of the Dungeon.
You visited 1 branch of the dungeon, and saw 6 of its levels.

You collected 248 gold pieces.
You spent 152 gold pieces at shops.

Inventory:

Hand Weapons
 a - the +8 flail "Bawni" (weapon) {vamp, Str+4}
   (You found it on level 5 of the Dungeon)

   It occasionally heals its wielder for a portion of the damage dealt when it
   wounds a living foe.
   Str:       It affects your strength (+4).
 b - a +0 shortbow
 k - a +0 great mace
 l - a +4 short sword
 p - a +2 short sword of speed
 t - a +2 vorpal mace
 w - a +0 dagger
 z - a +2 flail of protection
 A - a +0 morningstar
 C - a +0 war axe
 J - a +0 trident
Missiles
 e - 48 arrows
 i - 45 sling bullets
 m - 4 boomerangs (quivered)
 o - 108 stones
 q - 53 bolts
Armour
 d - a +0 ring mail (worn)
 h - a +0 leather armour
 j - a +0 scale mail
 u - a +0 helmet (worn)
 y - a +0 plate armour
Magical Staves
 n - a staff of cold
Jewellery
 x - the ring of Edodaod (left hand) {rElec rPois rCorr Int+2 Dex-2}
   (You bought it in a shop on level 5 of the Dungeon)

   [ring of poison resistance]

   Int:       It affects your intelligence (+2).
   Dex:       It affects your dexterity (-2).
   rElec:     It insulates you from electricity.
   rPois:     It protects you from poison.
   rCorr:     It protects you from acid and corrosion.
 B - an amulet of reflection
 G - an amulet of faith
Wands
 g - a wand of digging (3)
 D - a wand of iceblast (6)
Scrolls
 c - a scroll of fog
 f - a scroll of fear
 E - a scroll of noise
Potions
 s - a potion of magic
 v - a potion of flight
 I - a potion of brilliance


   Skills:
 + Level 8.1 Fighting
 + Level 4.6 Short Blades
 + Level 4.6 Long Blades
 + Level 6.6 Axes
 + Level 4.6 Maces & Flails
 + Level 4.6 Polearms
 + Level 4.6 Staves
 + Level 4.6 Slings
 + Level 4.6 Bows
 + Level 4.6 Crossbows
 + Level 4.6 Throwing
 + Level 4.6 Armour
 + Level 6.6 Dodging
 + Level 10.6 Stealth
 + Level 4.6 Shields
 + Level 4.6 Unarmed Combat
 + Level 4.6 Spellcasting
 + Level 3.8 Conjurations
 + Level 3.8 Hexes
 + Level 3.8 Summonings
 + Level 3.8 Necromancy
 + Level 3.8 Translocations
 + Level 3.8 Transmutations
 + Level 3.8 Fire Magic
 + Level 3.8 Ice Magic
 + Level 3.8 Air Magic
 + Level 3.8 Earth Magic
 + Level 3.8 Poison Magic
 + Level 5.1 Invocations
 + Level 4.6 Evocations


You had 17 spell levels left.
You didn't know any spells.
Your spell library contained the following spells:

 Spells                   Type           Power      Damage    Failure   Level
 Apportation              Tloc           34%        N/A       5%          1
 Leda's Liquefaction      Hex/Erth       8%         N/A       50%         4
 Alistair's Intoxication  Tmut/Pois      11%        N/A       83%         5
 Lee's Rapid Deconstruct  Erth           8%         3d8*      83%         5
 Statue Form              Tmut/Erth      11%        N/A       100%        6


Dungeon Overview and Level Annotations

Branches:
Dungeon (6/15)
 Temple: D:4-7

Altars:

Shops:
D:5 *

Annotations:
D:6 Duvessa


Innate Abilities, Weirdness & Mutations

You have very sharp teeth.
Your uncanny sense of smell can sniff out nearby items.
Your experience applies equally to all skills.
You are agile. (Dex +2)


Message History

You are more poisoned.
You feel very sick.
Your surroundings seem slightly different.
You feel very sick.
You feel clever.
You feel clumsy.
x - the ring of Edodaod (left hand) {rElec rPois rCorr Int+2 Dex-2} You feel sick.
Okay, then.
You feel better.
You completely miss Duvessa.
Duvessa is lightly wounded.
Duvessa misses you.
You hit Duvessa. You bite Duvessa, but do no damage.
Duvessa is lightly wounded.
Duvessa closely misses you. x2
Unknown command.
You sock Duvessa!
You feel better.
Duvessa is moderately wounded.
Duvessa hits you with a +1 short sword of venom!
* * * LOW HITPOINT WARNING * * *
You are poisoned.
Duvessa hits you with a +1 short sword of venom!
* * * LOW HITPOINT WARNING * * *
Okay, then.
You don't know any spells.
Unknown command.
You don't know any spells.
You can't see any enemies this would affect, really read the scroll of fear?
Okay, then.
Okay, then.
Okay, then.
Aiming: Iceblast
Press: ? - help, Shift-Dir - straight line The mass of ice explodes!
The iceblast engulfs Duvessa!!
Duvessa is severely wounded.
* * * LOW HITPOINT WARNING * * *
You feel very sick.
Duvessa hits you with a +1 short sword of venom!
You die...

#.......#
#.#
#....[..#
#.#
#.......#
#.#
#......)#
∆ #.8
#......(#
#..
#.......#
#'#
####..###
#..
#.e#####
#..
#..@...#
#..
#.####.#
#.. #.
#.. #..
#.. #..
###


You could see Duvessa (berserk).

Vanquished Creatures
  Grinder (D:3)
  3 yaks (D:5)
  A steam dragon (D:5)
  A hornet zombie (D:5)
  A sky beast (D:6)
  3 black bears
  3 necrophages
  4 ogres
  3 phantoms
  A scorpion (D:5)
  A water moccasin zombie (D:5)
  A water moccasin skeleton (D:5)
  Dowan (D:6)
  5 killer bees (D:6)
  A centaur zombie (D:6)
  A hound (D:4)
  A jelly (D:6)
  A gnoll shaman (D:6)
  A centaur skeleton (D:6)
  An iguana (D:5)
  3 orc wizards
  A howler monkey zombie (D:6)
  Robin (D:3)
  6 gnolls
  A howler monkey skeleton (D:5)
  6 adders
  2 white imps
  An ufetubus (D:6)
  2 worms
  2 dart slugs
  16 orcs
  6 endoplasms
  2 giant cockroaches
  13 goblins
  9 hobgoblins
  2 jackals (D:3)
  5 kobolds
  3 quokkas
  4 ball pythons
  5 bats
  3 frilled lizards
  6 rats
134 creatures vanquished.

Notes
Turn   | Place    | Note
-------+----------+-------------------------------------------
     0 | D:5      | Reached skill level 9 in Stealth
     0 | D:5      | croobank the Gnoll Delver began the quest for the Orb.
     0 | D:5      | Reached XP level 1. HP: 23/23 MP: 1/1
    21 | D:5      | Noticed an iguana
    42 | D:5      | Noticed an ogre
    81 | D:5      | Found Doillirch's Assorted Antiques.
    81 | D:5      | Noticed a phantom
   683 | D:3      | Noticed Grinder
   700 | D:3      | Noticed Robin
   721 | D:3      | Reached XP level 2. HP: 23/29 MP: 2/2
   879 | D:3      | Reached XP level 3. HP: 35/35 MP: 3/3
   994 | D:2      | Reached skill level 1 in Invocations
  1027 | D:2      | Reached skill level 1 in Short Blades
  1027 | D:2      | Reached skill level 1 in Long Blades
  1027 | D:2      | Reached skill level 1 in Maces & Flails
  1027 | D:2      | Reached skill level 1 in Polearms
  1027 | D:2      | Reached skill level 1 in Staves
  1027 | D:2      | Reached skill level 1 in Slings
  1027 | D:2      | Reached skill level 1 in Bows
  1027 | D:2      | Reached skill level 1 in Crossbows
  1027 | D:2      | Reached skill level 1 in Throwing
  1027 | D:2      | Reached skill level 1 in Armour
  1027 | D:2      | Reached skill level 1 in Shields
  1027 | D:2      | Reached skill level 1 in Unarmed Combat
  1027 | D:2      | Reached skill level 1 in Spellcasting
  1027 | D:2      | Reached skill level 1 in Evocations
  1213 | D:1      | Reached XP level 4. HP: 36/41 MP: 5/5
  1893 | D:1      | Found a faded altar of an unknown god.
  2078 | D:1      | Reached skill level 1 in Conjurations
  2078 | D:1      | Reached skill level 1 in Hexes
  2078 | D:1      | Reached skill level 1 in Summonings
  2078 | D:1      | Reached skill level 1 in Necromancy
  2078 | D:1      | Reached skill level 1 in Translocations
  2078 | D:1      | Reached skill level 1 in Transmutations
  2078 | D:1      | Reached skill level 1 in Fire Magic
  2078 | D:1      | Reached skill level 1 in Ice Magic
  2078 | D:1      | Reached skill level 1 in Air Magic
  2078 | D:1      | Reached skill level 1 in Earth Magic
  2078 | D:1      | Reached skill level 1 in Poison Magic
  2550 | D:2      | Gained mutation: You sometimes lose the ability to read
                  | scrolls when taking damage. [potion of mutation]
  2550 | D:2      | Gained mutation: You expend magic power (3 MP) to
                  | strengthen your wands. [potion of mutation]
  2551 | D:2      | Lost mutation: You expend magic power (3 MP) to strengthen
                  | your wands. [potion of mutation]
  2551 | D:2      | Lost mutation: You sometimes lose the ability to read
                  | scrolls when taking damage. [potion of mutation]
  2551 | D:2      | Gained mutation: You are agile. (Dex +2) [potion of
                  | mutation]
  2718 | D:3      | Killed Robin
  2719 | D:3      | Reached XP level 5. HP: 35/47 MP: 5/7
  3042 | D:3      | Killed Grinder
  3043 | D:3      | Reached skill level 5 in Axes
  3043 | D:3      | Reached skill level 5 in Dodging
  3043 | D:3      | Reached XP level 6. HP: 12/53 MP: 7/9
  3781 | D:4      | Noticed a black bear
  3791 | D:4      | Killed a black bear
  3792 | D:4      | Reached XP level 7. HP: 24/59 MP: 10/10
  4444 | D:5      | Noticed a steam dragon
  4446 | D:5      | Killed a steam dragon
  4572 | D:5      | Reached skill level 10 in Stealth
  4616 | D:5      | HP: 3/60 [water moccasin skeleton (6)]
  4624 | D:5      | Reached XP level 8. HP: 6/67 MP: 12/12
  5133 | D:5      | Identified the +8 flail "Bawni" {vamp, Str+4}
  5139 | D:5      | Noticed a yak
  5139 | D:5      | Noticed a yak
  5143 | D:5      | Noticed a yak
  5163 | D:5      | Killed a yak
  5300 | D:5      | Killed a yak
  5305 | D:5      | Killed a yak
  5515 | D:5      | Bought a transparent jade ring for 95 gold pieces
  5515 | D:5      | Identified the ring of Edodaod {rElec rPois rCorr Int+2
                  | Dex-2} (You bought it in a shop on level 5 of the Dungeon)
  5515 | D:5      | Bought a scroll of identify for 38 gold pieces
  5515 | D:5      | Bought a scroll labelled TOIMAWNATZ for 19 gold pieces
  5587 | D:5      | Reached XP level 9. HP: 72/72 MP: 14/14
  6461 | D:6      | Reached skill level 5 in Invocations
  6722 | D:6      | Noticed Dowan
  6726 | D:6      | Noticed Duvessa
  6729 | D:6      | Killed Dowan
  6740 | D:6      | Slain by Duvessa

Illustrated notes

Levels and vault maps discovered:
D:1:      eino_arrival_water_star, layout_basic,
          hellmonk_ecumenical_altar_inner_sanctum
D:2:      layout_rooms, minmay_box_of_dots
D:3:      layout_rooms, uniq_grinder, uniq_robin
D:4:      layout_loops_ring
D:5:      layout_loops_ring, serial_shops, kennysheep_mini
D:6:      wad_river_or_something, layout_basic, uniq_duvessa

Skill      XL: |  1  2  3  4  5  6  7  8  9 |
---------------+----------------------------+-----
Stealth        | 10 | 10.6
Invocations    | 1 2 3 4 5 |  5.1
Short Blades   | 1 2 3 4 |  4.6
Long Blades    | 1 2 3 4 |  4.6
Maces & Flails | 1 2 3 4 |  4.6
Polearms       | 1 2 3 4 |  4.6
Staves         | 1 2 3 4 |  4.6
Slings         | 1 2 3 4 |  4.6
Bows           | 1 2 3 4 |  4.6
Crossbows      | 1 2 3 4 |  4.6
Throwing       | 1 2 3 4 |  4.6
Armour         | 1 2 3 4 |  4.6
Shields        | 1 2 3 4 |  4.6
Unarmed Combat | 1 2 3 4 |  4.6
Spellcasting   | 1 2 3 4 |  4.6
Evocations     | 1 2 3 4 |  4.6
Conjurations   | 1 2 3 |  3.8
Hexes          | 1 2 3 |  3.8
Summonings     | 1 2 3 |  3.8
Necromancy     | 1 2 3 |  3.8
Translocations | 1 2 3 |  3.8
Transmutations | 1 2 3 |  3.8
Fire Magic     | 1 2 3 |  3.8
Ice Magic      | 1 2 3 |  3.8
Air Magic      | 1 2 3 |  3.8
Earth Magic    | 1 2 3 |  3.8
Poison Magic   | 1 2 3 |  3.8
Axes           | 5 6 |  6.6
Dodging        | 5 6 |  6.6
Fighting       | 7 8 |  8.1

Action                   |  1- 3 |  4- 6 |  7- 9 || total
-------------------------+-------+-------+-------++-------
Melee: Hand axe          |    76 |     9 |       ||    85
       Bite              |     7 |    12 |    30 ||    49
       Punch             |     1 |       |     7 ||     8
       Flail             |       |   114 |   238 ||   352
       Dagger            |       |     8 |    15 ||    23
 Fire: Shortbow          |    18 |    37 |     4 ||    59
Throw: Boomerang         |       |     1 |       ||     1
Evoke: Wand              |       |       |     1 ||     1
  Use: Scroll            |     2 |     6 |     3 ||    11
       Potion            |     1 |     3 |     8 ||    12
 Stab: Sleeping          |     1 |     3 |    12 ||    16
Armor: Leather armour    |     6 |       |       ||     6
       Ring mail         |    13 |    82 |    91 ||   186
       Skin              |       |       |    29 ||    29
Dodge: Dodged            |    50 |   102 |   161 ||   313
